Map: Cyber Forest LE

Players

PeLLy

  • Race: Zerg Zerg
  • League: Diamond
  • Spawn Location: 5:00

Hobbymetzger - Winner!

  • Race: Terran Terran
  • League: Platinum
  • Spawn Location: 11:00

VOD

Have the link to the VOD?

Description

Time

  • Played on: July 30, 2019, 5:49 p.m.
  • Length: 33:30
Show
View Real Time Build Order
Export as new Build Order

PeLLy Zerg 

Build Orders: Hatch First, Brood Lord Corruptor 

Get SALT Encoding   

  12  0:01  Drone  
  13  0:13  Overlord  
  13  0:20  Drone  
  14  0:32  Drone x2  
  16  0:36  Drone  
  17  0:53  Hatchery  
  17  0:55  Drone  
  17  1:10  Spawning Pool  
  16  1:12  Drone  
  16  1:16  Extractor  
  16  1:19  Drone  
  16  1:22  Drone  
  18  1:29  Drone  
  19  1:40  Overlord  
  19  1:52  Drone  
  20  2:02  Drone  
  21  2:08  Zergling x2  
  21  2:12  Zergling x2  
  23  2:16  Metabolic Boost  
  23  2:19  Queen x2  
  23  2:22  Zergling x2  
  28  2:23  Drone  
  29  2:45  Zergling x8  
  33  3:08  Zergling x6  
  33  3:10  Evolution Chamber  
  35  3:15  Evolution Chamber, Overlord  
  34  3:26  Roach Warren, Drone x3  
  34  3:27  Spine Crawler  
  32  3:46  Zerg Missile Weapons Level 1  
  32  3:47  Zerg Melee Weapons Level 1  
  28  3:56  Drone x8  
  28  4:00  Drone  
  37  4:09  Drone  
  38  4:14  Drone, Lair  
  39  4:27  Drone  
  39  4:30  Extractor  
  39  4:32  Extractor  
  38  4:41  Drone x6  
  38  4:43  Overlord x2  
  44  4:46  Overlord  
  44  5:01  Drone x2, Hatchery  
  44  5:04  Drone  
  46  5:22  Glial Reconstitution  
  46  5:31  Roach x6  
  46  5:32  Overlord  
  58  5:52  Roach x6  
  67  6:04  Roach x2  
  67  6:09  Queen  
  73  6:11  Zerg Missile Weapons Level 2  
  73  6:22  Spire  
  72  6:30  Roach x3  
  72  6:31  Zergling x6  
  81  6:48  Overlord x4  
  81  6:56  Overlord x2  
  81  7:02  Infestation Pit  
  78  7:30  Drone x13  
  78  7:32  Overlord  
  91  7:41  Hive  
  91  7:47  Extractor  
  91  7:49  Extractor  
  89  8:03  Hatchery  
  88  8:12  Corruptor  
  88  8:13  Corruptor x4  
  98  8:25  Drone x2  
  98  8:26  Drone x7  
  107  8:45  Corruptor x4, Extractor  
  114  9:01  Drone x9  
  123  9:08  Extractor  
  123  9:09  Spore Crawler  
  121  9:12  Extractor  
  121  9:13  Spore Crawler  
  121  9:14  Spore Crawler  
  118  9:17  Spore Crawler  
  117  9:24  Greater Spire  
  117  9:30  Corruptor x6  
  129  9:50  Overlord x2  
  129  9:51  Overlord x4  
  129  10:01  Overlord  
  129  10:02  Overlord  
  129  10:07  Hatchery  
  129  10:08  Queen x2  
  129  10:13  Corruptor  
  129  10:14  Corruptor  
  132  10:18  Drone x2  
  132  10:20  Drone  
  132  10:21  Drone  
  140  10:37  Spore Crawler  
  140  10:38  Spore Crawler  
  140  10:40  Drone x9  
  147  10:49  Zerg Flyer Armor Level 1  
  147  10:50  Corruptor  
  149  11:03  Drone x5  
  154  11:04  Spore Crawler  
  154  11:10  Corruptor x2  
  157  11:14  Brood Lord  
  157  11:16  Brood Lord  
  161  11:19  Overlord  
  161  11:23  Brood Lord  
  163  11:30  Drone x6  
  169  11:36  Queen  
  171  11:42  Brood Lord  
  171  11:43  Brood Lord  
  171  11:44  Brood Lord  
  177  11:55  Corruptor x3  
  177  12:00  Viper  
  177  12:01  Viper x3  
  173  13:10  Corruptor  
  173  13:11  Corruptor x12  
  187  13:26  Overlord  
  187  13:27  Corruptor x4, Overlord x2  
  179  13:28  Corruptor x5  
  191  13:35  Zerg Flyer Armor Level 2  
  179  14:12  Corruptor  
  179  14:13  Corruptor x7  
  195  14:22  Brood Lord  
  197  14:29  Drone x2  
  199  14:42  Extractor  
  198  14:48  Extractor  
  197  14:53  Overlord  
  197  14:54  Overlord x2  
  197  14:56  Corruptor  
  195  15:19  Spore Crawler  
  195  15:20  Spore Crawler x2  
  192  15:39  Brood Lord  
  192  15:41  Brood Lord x2  
  198  16:14  Spore Crawler x2  
  198  16:15  Spore Crawler  
  198  16:16  Spore Crawler  
  198  16:17  Spore Crawler  
  198  16:18  Spore Crawler x2  
  192  16:19  Extractor  
  160  16:56  Brood Lord  
  160  16:58  Corruptor  
  160  16:59  Corruptor x17  
  198  17:22  Brood Lord  
  192  17:28  Corruptor  
  192  17:29  Corruptor x2  
  198  17:45  Zerg Flyer Armor Level 3  
  190  18:13  Brood Lord  
  190  18:15  Brood Lord  
  190  18:16  Brood Lord  
  190  18:18  Brood Lord  
  190  18:19  Brood Lord  
  189  18:42  Corruptor x5  
  189  18:48  Spore Crawler x2  
  198  18:50  Spore Crawler  
  171  19:46  Hatchery  
  170  19:56  Viper x4  
  182  20:05  Corruptor x9  
  181  21:15  Brood Lord x2  
  181  21:16  Brood Lord  
  181  21:18  Brood Lord  
  189  21:19  Brood Lord  
  154  22:57  Corruptor x15  
  138  26:33  Spawning Pool  
  123  27:31  Hatchery  
  122  27:49  Hatchery  
  121  28:11  Ravager x2  
  123  29:07  Drone x15  
  123  29:08  Drone  
  139  29:46  Ravager  
  140  29:55  Drone x18  
  144  30:18  Extractor  
  141  30:21  Extractor  
  140  30:34  Ravager  
  141  30:42  Drone x2  
  143  30:50  Hatchery  
  132  31:19  Extractor  
  129  31:39  Ravager x4  
  131  32:01  Ravager x2  
  90  32:43  Ravager  
Show
View Real Time Build Order
Export as new Build Order

Hobbymetzger Terran - Winner!

Build Orders: Command Center First (CC) 

Get SALT Encoding   

  12  0:01  SCV  
  13  0:13  SCV  
  14  0:18  Supply Depot  
  14  0:25  SCV  
  15  0:39  SCV  
  16  0:51  SCV  
  17  1:03  SCV  
  18  1:05  Command Center  
  18  1:15  SCV  
  19  1:18  Refinery  
  19  1:22  Refinery  
  19  1:28  SCV  
  20  1:36  Engineering Bay  
  20  1:40  SCV  
  21  1:52  SCV  
  22  2:04  SCV  
  23  2:16  Planetary Fortress  
  23  2:26  Command Center  
  23  2:31  SCV  
  24  2:38  Missile Turret  
  24  2:43  SCV  
  25  2:48  Barracks  
  25  2:55  SCV  
  26  2:59  Missile Turret  
  26  3:02  SCV  
  27  3:14  Planetary Fortress, SCV  
  28  3:26  SCV  
  29  3:38  SCV  
  30  3:41  Factory  
  30  3:47  SCV  
  31  3:50  SCV  
  32  3:56  Missile Turret  
  32  4:00  SCV  
  33  4:03  SCV x2  
  35  4:11  Supply Depot  
  35  4:15  Planetary Fortress, SCV, Refinery  
  36  4:19  SCV  
  37  4:27  SCV, Starport  
  38  4:34  Missile Turret  
  38  4:39  SCV  
  38  4:41  SCV  
  40  4:48  Missile Turret  
  40  4:51  SCV  
  41  4:53  SCV x2  
  43  5:03  SCV  
  43  5:05  SCV x2  
  46  5:08  Refinery  
  46  5:10  Starport Tech Lab  
  46  5:15  SCV, Fusion Core  
  46  5:17  SCV  
  46  5:20  Armory  
  48  5:27  SCV  
  49  5:29  SCV  
  49  5:39  SCV  
  49  5:41  SCV  
  49  5:42  Missile Turret  
  49  5:45  Hi-Sec Auto Tracking  
  47  5:51  SCV  
  47  5:53  SCV  
  49  5:57  Starport  
  49  6:04  SCV  
  50  6:05  SCV  
  50  6:06  Battlecruiser  
  50  6:10  Command Center  
  57  6:12  Weapon Refit  
  57  6:16  SCV  
  57  6:17  Refinery  
  57  6:18  SCV  
  59  6:26  SCV  
  59  6:30  SCV  
  61  6:36  Missile Turret  
  61  6:38  Starport Tech Lab  
  61  6:44  Missile Turret  
  61  6:46  SCV  
  61  6:56  Refinery  
  61  7:08  Command Center  
  61  7:12  SCV  
  61  7:20  Supply Depot, SCV  
  61  7:25  SCV  
  61  7:28  Supply Depot  
  59  7:30  Supply Depot  
  59  7:32  SCV  
  59  7:37  SCV  
  61  7:42  Battlecruiser  
  67  7:44  SCV  
  67  7:50  Supply Depot, Battlecruiser  
  74  7:52  Supply Depot  
  74  7:54  Supply Depot  
  74  7:56  SCV  
  75  8:00  Missile Turret  
  75  8:05  Supply Depot  
  75  8:12  Supply Depot  
  75  8:16  Supply Depot  
  73  8:32  Armory  
  73  8:34  SCV  
  73  8:46  SCV  
  73  8:47  Missile Turret, Command Center  
  74  8:48  Missile Turret  
  74  8:53  Battlecruiser  
  74  8:54  Battlecruiser  
  86  8:58  SCV  
  87  9:10  SCV  
  88  9:18  Command Center  
  88  9:21  Starport  
  88  9:22  SCV  
  89  9:31  Missile Turret  
  89  9:34  SCV  
  89  9:37  Missile Turret  
  90  9:46  SCV  
  90  9:47  SCV  
  92  9:54  Supply Depot  
  92  9:55  Supply Depot x2  
  92  9:58  Supply Depot x2, Missile Turret  
  92  9:59  Supply Depot x2, SCV  
  93  10:03  Planetary Fortress  
  93  10:04  Missile Turret  
  93  10:07  Missile Turret  
  93  10:12  SCV  
  94  10:21  Missile Turret  
  94  10:22  Starport Tech Lab  
  94  10:23  Refinery  
  94  10:24  SCV  
  94  10:25  Battlecruiser  
  94  10:27  Refinery  
  101  10:29  Starport  
  101  10:32  Starport  
  101  10:35  SCV  
  102  10:36  SCV  
  102  10:40  Supply Depot  
  102  10:42  Planetary Fortress  
  103  10:46  Missile Turret  
  103  10:47  SCV  
  104  10:50  Battlecruiser  
  104  10:55  Battlecruiser  
  116  10:59  SCV  
  116  11:02  Missile Turret  
  116  11:03  Missile Turret  
  117  11:08  Refinery  
  117  11:10  SCV  
  118  11:11  SCV  
  119  11:18  Missile Turret  
  119  11:22  SCV  
  119  11:24  Refinery  
  120  11:26  Starport Tech Lab  
  120  11:29  Battlecruiser  
  126  11:32  Starport Tech Lab  
  126  11:34  SCV  
  126  11:38  SCV  
  128  11:44  Missile Turret  
  128  11:45  Missile Turret  
  128  11:46  SCV  
  129  11:47  Missile Turret  
  129  11:50  SCV  
  129  11:51  Missile Turret  
  130  11:56  Battlecruiser  
  130  11:59  SCV  
  137  12:01  Battlecruiser  
  137  12:02  SCV  
  144  12:14  SCV  
  145  12:15  Missile Turret  
  145  12:26  Missile Turret  
  145  12:27  Missile Turret, SCV  
  146  12:33  Battlecruiser  
  152  12:39  SCV  
  153  12:47  Missile Turret  
  153  12:49  Missile Turret  
  118  13:46  Terran Ship Weapons Level 1  
  118  13:51  SCV  
  118  13:52  Battlecruiser  
  118  13:54  Battlecruiser  
  131  13:56  Battlecruiser  
  131  13:57  Battlecruiser  
  143  14:03  SCV  
  143  14:06  Missile Turret  
  132  14:15  SCV  
  133  14:27  SCV  
  134  14:31  Missile Turret  
  134  14:35  SCV  
  135  14:39  SCV  
  136  14:47  SCV  
  136  14:51  Missile Turret  
  136  14:52  SCV  
  138  14:53  Battlecruiser  
  138  14:54  Command Center  
  138  14:57  Battlecruiser  
  138  14:58  Battlecruiser  
  138  14:59  SCV  
  157  15:00  Battlecruiser  
  157  15:02  Battlecruiser  
  157  15:04  SCV  
  169  15:11  SCV  
  164  15:23  SCV  
  165  15:30  Command Center  
  165  15:32  Missile Turret x4  
  165  15:33  Missile Turret  
  165  15:34  Missile Turret  
  158  15:40  Terran Vehicle And Ship Armor Level 1  
  158  15:48  SCV  
  159  15:54  Starport x2  
  159  15:57  Battlecruiser  
  159  16:00  SCV  
  159  16:01  Battlecruiser  
  159  16:03  Battlecruiser  
  178  16:04  Battlecruiser  
  178  16:06  Battlecruiser  
  190  16:12  SCV  
  191  16:24  SCV  
  174  16:36  SCV  
  144  16:48  SCV  
  144  16:50  Missile Turret  
  138  16:54  Missile Turret  
  138  16:56  Missile Turret  
  138  17:00  SCV  
  137  17:04  Missile Turret  
  137  17:05  Battlecruiser  
  137  17:06  Missile Turret  
  137  17:07  Missile Turret  
  140  17:10  Battlecruiser  
  140  17:12  Missile Turret, SCV  
  145  17:24  SCV  
  146  17:31  Missile Turret  
  146  17:34  Missile Turret x3, SCV  
  147  17:39  Refinery  
  147  17:42  Refinery  
  145  17:46  SCV  
  130  17:58  SCV  
  130  18:05  Missile Turret  
  130  18:06  Missile Turret  
  130  18:07  Missile Turret  
  130  18:10  SCV  
  130  18:12  Refinery  
  131  18:14  Battlecruiser  
  131  18:15  Battlecruiser  
  131  18:16  Battlecruiser  
  149  18:45  Missile Turret  
  149  18:46  Missile Turret  
  133  19:13  Battlecruiser  
  133  19:15  Starport Tech Lab  
  138  19:17  Starport Tech Lab  
  138  19:18  Battlecruiser  
  138  19:19  Battlecruiser  
  138  19:21  Battlecruiser  
  131  19:41  Battlecruiser  
  131  19:43  Battlecruiser  
  143  20:03  Missile Turret x2  
  143  20:08  Command Center  
  143  20:18  Battlecruiser  
  149  20:22  Missile Turret  
  149  20:23  Battlecruiser  
  149  20:25  Missile Turret  
  149  20:27  Missile Turret  
  155  20:28  Missile Turret  
  155  20:31  Missile Turret x2  
  155  20:32  Missile Turret  
  155  20:38  Missile Turret  
  155  20:45  Battlecruiser  
  160  20:56  Missile Turret  
  160  20:58  Missile Turret  
  154  21:07  Missile Turret  
  154  21:08  Missile Turret  
  154  21:09  Missile Turret  
  154  21:22  Planetary Fortress  
  154  21:23  Refinery  
  154  21:28  Battlecruiser  
  160  21:39  Missile Turret  
  160  21:45  Missile Turret  
  149  22:23  Battlecruiser  
  155  22:45  Missile Turret x2  
  155  22:47  Missile Turret x2  
  155  22:49  Missile Turret  
  137  23:06  SCV  
  137  23:11  Refinery  
  130  23:18  SCV  
  125  23:30  SCV  
  118  23:42  SCV  
  113  23:54  SCV  
  70  25:15  Command Center  
  70  25:17  Missile Turret  
  70  25:19  Missile Turret  
  70  25:20  Missile Turret  
  64  25:39  SCV  
  65  25:51  Missile Turret, SCV  
  65  25:53  Missile Turret  
  65  25:56  Missile Turret  
  65  25:57  Battlecruiser  
  65  25:58  Battlecruiser  
  65  26:00  Battlecruiser  
  83  26:10  Fusion Core  
  83  26:17  Armory  
  83  26:32  Planetary Fortress  
  83  26:38  Missile Turret  
  83  26:45  Refinery  
  83  26:48  Refinery  
  83  26:58  Missile Turret  
  82  27:35  Missile Turret x2  
  82  27:42  SCV  
  83  27:54  SCV  
  84  28:06  SCV  
  84  28:08  Battlecruiser  
  84  28:09  Terran Vehicle And Ship Armor Level 2, Battlecruiser  
  84  28:12  Battlecruiser  
  103  28:14  Battlecruiser  
  103  28:15  Battlecruiser  
  103  28:17  Battlecruiser  
  103  28:18  SCV  
  122  28:30  SCV  
  123  28:43  Missile Turret  
  123  28:46  SCV  
  124  28:58  SCV  
  125  29:10  SCV  
  125  29:13  Battlecruiser  
  125  29:16  Battlecruiser  
  137  29:19  Battlecruiser  
  137  29:21  Missile Turret, Command Center  
  137  29:22  SCV  
  137  29:23  Missile Turret  
  144  29:34  SCV  
  145  29:41  Supply Depot  
  145  29:43  Missile Turret x2  
  145  29:45  Supply Depot  
  145  29:46  SCV  
  145  29:48  Supply Depot  
  146  30:02  Battlecruiser  
  146  30:03  Supply Depot  
  146  30:06  Battlecruiser  
  158  30:08  Supply Depot  
  158  30:14  Supply Depot  
  128  30:25  Terran Ship Weapons Level 2  
  128  30:27  SCV  
  123  30:34  Battlecruiser  
  123  30:35  Battlecruiser  
  135  30:39  SCV  
  136  30:50  Missile Turret  
  136  30:51  SCV  
  113  31:14  Battlecruiser  
  113  31:15  Battlecruiser  
  125  31:27  SCV  
  126  31:37  Refinery  
  126  31:39  SCV  
  127  31:55  Planetary Fortress  
  127  32:05  Battlecruiser  
  127  32:07  Battlecruiser  
  139  32:08  Battlecruiser  
  124  32:51  Missile Turret  
Tags
 
Add a new tag
Caveats
  • Supply blocks, unpowered buildings, or Contaminate may cause inaccurate times.
  • Supply counts are checked every 10 seconds.